 Dungeon Crawl Stone Soup version 0.22-a0-252-gcace5d2 (webtiles) character file.

5474 tilp the Spear-Bearer (level 10, -7/70 HPs)
             Began as a Merfolk Ice Elementalist on Mar 2, 2018.
             Was a Follower of Makhleb.
             Mangled by a vampire mosquito (9 damage)
             ... on level 9 of the Dungeon.
             The game lasted 00:33:53 (11415 turns).

tilp the Spear-Bearer (Merfolk Ice Elementalist)   Turns: 11415, Time: 00:33:54

Health: -7/70      AC:  6    Str:  9    XL:     10   Next: 69%
Magic:  13/13      EV: 15    Int: 22    God:    Makhleb [*.....]
Gold:   521        SH:  0    Dex: 15    Spells: 4/13 levels left

rFire    . . .     SeeInvis +   l - +0 trident
rCold    + . .     Gourm    .   (no shield)
rNeg     . . .     Faith    .   A - +1 robe of Untold Secrets {Int+2 SInv}
rPois    .         Spirit   .   (no helmet)
rElec    .         Reflect  .   (no cloak)
rCorr    .         Harm     .   h - +0 pair of gloves
MR       +....                  y - +1 pair of boots
Stlth    +.........             (no amulet)
HPRegen  0.21/turn              B - ring of Ehegere {rC+ Int+3 SInv Stlth-}
MPRegen  0.13/turn              b - ring of protection from magic

@: no status effects
A: change form in water, swift swim, stealthy swim
a: Renounce Religion


You were on level 9 of the Dungeon.
You worshipped Makhleb.
Makhleb was aware of your devotion.
You were not hungry.

You visited 2 branches of the dungeon, and saw 10 of its levels.

You collected 521 gold pieces.

Inventory:

Hand Weapons
 l - a +0 trident (weapon)
 s - a +0 hunting sling
 t - a +0 scimitar of flaming
 z - a +1 short sword of speed
 E - a +1 halberd of freezing
 H - a +4 spear
Missiles
 k - 149 stones
 u - 2 tomahawks (quivered)
 D - 38 sling bullets
Armour
 h - a +0 pair of gloves (worn)
 y - a +1 pair of boots (worn)
 A - the +1 robe of Untold Secrets (worn) {Int+2 SInv}
   (You found it on level 4 of the Dungeon)

   It affects your intelligence (+2).
   It lets you see invisible.
 J - a +1 robe of magic resistance
Jewellery
 b - a ring of protection from magic (right hand)
 q - an uncursed ring of stealth
 r - an uncursed ring of protection from fire
 v - a +3 ring of evasion
 B - the ring of Ehegere (left hand) {rC+ Int+3 SInv Stlth-}
   (You took it off an orc priest on level 5 of the Dungeon)

   [ring of loudness]

   It affects your intelligence (+3).
   It protects you from cold.
   It lets you see invisible.
   It makes you less stealthy.
 I - a cursed ring of loudness {unknown}
Wands
 a - a wand of paralysis (2)
Scrolls
 e - a scroll of magic mapping {unknown}
 g - 2 scrolls of immolation
 i - 2 scrolls of teleportation
 j - 4 scrolls of remove curse
 n - 5 scrolls of amnesia
 p - a scroll of fog {unknown}
 x - 3 scrolls of enchant weapon
 F - a scroll of fear {unknown}
 G - 2 scrolls of random uselessness {unknown}
Potions
 d - a potion of agility {unknown}
 f - 4 potions of flight
 o - a potion of resistance
 w - 2 potions of curing
 C - 4 potions of brilliance
 K - 2 potions of degeneration {unknown}
Comestibles
 c - 7 rations
 m - 4 chunks of flesh


   Skills:
 - Level 3.3 Fighting
 - Level 14.7 Polearms
 - Level 5.0 Dodging
 - Level 2.1 Stealth
 - Level 2.0 Spellcasting
 - Level 3.4 Conjurations
 - Level 5.0 Charms
 + Level 9.1 Ice Magic


You had 4 spell levels left.
You knew the following spells:

 Your Spells              Type           Power        Failure   Level  Hunger
a - Freeze                Ice            ####         1%          1    #......
b - Throw Frost           Conj/Ice       ####..       1%          2    ##.....
c - Ozocubu's Armour      Chrm/Ice       ####....     2%          3    ###....
d - Regeneration          Chrm/Necr      ##........   14%         3    ###....


Dungeon Overview and Level Annotations

Branches:
Dungeon (9/15)             Temple (1/1) D:5
   Lair: D:8-11         Orc: D:9-12

Altars:
Ashenzari
Dithmenos
Elyvilon
Fedhas
Gozag
Hepliaklqana
Kikubaaqudgha
Makhleb
Nemelex Xobeh
Okawaru
Qazlal
Ru
Sif Muna
Trog
Uskayaw
Vehumet
Wu Jian
Xom
Yredelemnul
Zin
The Shining One

Shops:
D:4 (

Annotations:
D:3 torrenera's ghost, amateur GrFi
D:4 Sigmund
D:6 Moebius's ghost, novice OpTm
D:8 Psyche; Torious's ghost, novice DECj


Message History

The vampire mosquito draws strength from your injuries!
The vampire mosquito barely misses you.
You feel better.
The vampire mosquito closely misses you. x2
You feel better. The vampire mosquito misses you.
The vampire mosquito bites you.
* * * LOW HITPOINT WARNING * * *
The vampire mosquito draws strength from your injuries!
The vampire mosquito closely misses you.
The vampire mosquito bites you.
* * * LOW HITPOINT WARNING * * *
The vampire mosquito draws strength from your injuries!
The vampire mosquito bites you.
* * * LOW HITPOINT WARNING * * *
The vampire mosquito draws strength from your injuries!
The vampire mosquito bites you!
* * * LOW HITPOINT WARNING * * *
The vampire mosquito draws strength from your injuries!
The vampire mosquito bites you!
You die...

.)....#
######...####.####
.###### ##.......#
.# #..###### .#
#..######## .#
#.......... ..
#..######## ..
#..# .o.
######..###### ..F
...<...@yy.Z.#
...o
.#####..####.#
#..## #.#
##.#.###Z#
#.###.##.#
#.###.#.###.#
#......## #.#
####### #.###..#
#.# ....... #..#
#.# #....[.


You could see 2 vampire mosquitoes and a centaur zombie.

Vanquished Creatures
  Erica (D:8)
  2 two-headed ogres (D:8)
  The ghost of Amnesiac the Nimble, a novice SpFi (D:5)
  2 vampire mosquitoes (D:9)
  A water moccasin (D:8)
  3 orc warriors (D:7)
  3 sky beasts
  3 phantoms
  4 ogres
  A bullfrog (D:6)
  2 big kobolds (D:8)
  2 scorpions
  4 wights
  A howler monkey (D:5)
  5 crimson imps
  2 centaur skeletons
  2 centaur zombies
  2 jellies
  5 hounds
  A bullfrog skeleton (D:6)
  3 orc priests
  2 iguanas
  4 orc wizards
  8 worker ants
  A worker ant zombie (D:9)
  12 gnolls
  9 adders
  2 shadow imps
  An ooze (D:1)
  An adder skeleton (D:4)
  A worm (D:5)
  3 dart slugs
  5 leopard geckos
  18 orcs
  6 giant cockroaches
  6 goblins
  7 hobgoblins
  10 jackals
  5 quokkas
  3 ball pythons
  7 bats
  6 frilled lizards
  8 kobolds
  7 rats
182 creatures vanquished.

Notes
Turn   | Place    | Note
-------+----------+-------------------------------------------
     0 | D:1      | tilp the Merfolk Ice Elementalist began the quest for the Orb.
     0 | D:1      | Reached XP level 1. HP: 13/13 MP: 3/3
   456 | D:1      | Reached XP level 2. HP: 17/19 MP: 3/5
   460 | D:1      | Learned a level 2 spell: Throw Frost
   723 | D:1      | Reached XP level 3. HP: 24/24 MP: 3/6
   728 | D:1      | Learned a level 3 spell: Ozocubu's Armour
  1115 | D:2      | Found a faded altar of an unknown god.
  1150 | D:2      | Reached skill level 5 in Ice Magic
  1404 | D:2      | Reached XP level 4. HP: 24/30 MP: 4/7
  1906 | D:2      | Reached XP level 5. HP: 26/35 MP: 0/8
  2193 | D:3      | Noticed torrenera's ghost (amateur GrFi)
  2549 | D:3      | Reached XP level 6. HP: 41/41 MP: 1/9
  3493 | D:3      | Found a radiant altar of Vehumet.
  3908 | D:4      | Noticed a phantom
  3950 | D:4      | Reached XP level 7. HP: 47/50 MP: 2/10
  4041 | D:4      | Found Ipuziof's Weapon Boutique.
  4167 | D:4      | Found an opulent altar of Gozag.
  4168 | D:4      | Found a white marble altar of Elyvilon.
  4470 | D:4      | Got a fabulously ornate robe
  4481 | D:4      | Identified the +1 robe of Untold Secrets {Int+2 SInv} (You found it on level 4 of the Dungeon)
  4522 | D:4      | Noticed Sigmund
  4728 | D:4      | Reached skill level 5 in Dodging
  5144 | D:5      | Entered Level 5 of the Dungeon
  5194 | D:5      | Reached skill level 1 in Polearms
  5376 | D:5      | Reached skill level 2 in Polearms
  5396 | D:5      | Reached skill level 3 in Polearms
  5432 | D:5      | Reached skill level 4 in Polearms
  5432 | D:5      | Reached XP level 8. HP: 24/58 MP: 2/11
  5489 | D:5      | Reached skill level 5 in Polearms
  5667 | D:5      | Reached skill level 6 in Polearms
  5855 | D:5      | Reached skill level 7 in Polearms
  5857 | D:5      | Got a brightly glowing pewter ring
  6021 | D:5      | Reached skill level 8 in Polearms
  6256 | D:5      | Noticed Amnesiac's ghost (novice SpFi)
  6270 | D:5      | Killed Amnesiac's ghost
  6270 | D:5      | Reached skill level 9 in Polearms
  6335 | D:5      | Found a staircase to the Ecumenical Temple.
  6341 | Temple   | Entered the Ecumenical Temple
  6380 | Temple   | Became a worshipper of Makhleb the Destroyer
  6438 | D:5      | Identified the ring of Ehegere {rC+ Int+3 SInv Stlth-} (You took it off an orc priest on level 5 of the Dungeon)
  6862 | D:6      | Noticed Moebius's ghost (novice OpTm)
  6909 | D:5      | Reached skill level 10 in Polearms
  6960 | D:6      | Reached XP level 9. HP: 64/64 MP: 5/12
  7085 | D:6      | Found an iron altar of Okawaru.
  7090 | D:6      | Found a blossoming altar of Fedhas.
  7188 | D:6      | Found a sacrificial altar of Ru.
  7330 | D:6      | Reached skill level 11 in Polearms
  8332 | D:7      | Reached skill level 12 in Polearms
  8347 | D:7      | Reached * piety under Makhleb
  8542 | D:7      | Found a glowing golden altar of the Shining One.
  8545 | D:7      | Found a hide-covered altar of Uskayaw.
  9131 | D:8      | Reached skill level 13 in Polearms
  9358 | D:8      | Noticed Erica
  9376 | D:8      | Killed Erica
  9376 | D:8      | Reached skill level 14 in Polearms
  9376 | D:8      | Reached XP level 10. HP: 22/70 MP: 7/13
  9683 | D:8      | Reached skill level 1 in Charms
  9744 | D:8      | Noticed a two-headed ogre
  9759 | D:8      | Killed a two-headed ogre
  9986 | D:8      | Noticed Psyche
 10013 | D:7      | Reached skill level 1 in Conjurations
 10013 | D:7      | Reached skill level 5 in Charms
 10333 | D:8      | Found a deep blue altar of Sif Muna.
 10557 | D:8      | Noticed Torious's ghost (novice DECj)
 10655 | D:8      | Noticed a two-headed ogre
 10711 | D:8      | Killed a two-headed ogre
 10717 | D:8      | Learned a level 3 spell: Regeneration
 11406 | D:9      | HP: 1/70 [vampire mosquito (10)]
 11414 | D:9      | HP: 2/70 [vampire mosquito (10)]
 11415 | D:9      | Mangled by a vampire mosquito

Vault maps used:
D:1:      dpeg_arrival_concentric_ovals, supply_closet_lemuel
D:2:      chequers_ecumenical_altar_simple_redux, first_ration,
          kennysheep_generic_room_7
D:3:      lemuel_doored_altar, serial_bayou_crossing
D:4:      gammafunk_temple_overflow_pools, serial_shops, shop,
          grunt_ministairs_11, st_stairs_12, uniq_sigmund
D:5:      minmay_temple_entry_hall
D:6:      minitemple, nicolae_ru_the_path_less_chosen
D:7:      grunt_temple_overflow_open
D:8:      led_sif_pool, hangedman_ranch, grunt_decor_mini_mirrors,
          minmay_misc_feat_nine_boxes, grunt_ministairs_10, uniq_psyche,
          uniq_erica
D:9:      cheibrodos_worm_habitat, lair_entry_dummy, basic_altar
Temple:   nicolae_temple_god_jail

Skill      XL: |  1  2  3  4  5  6  7  8  9 10 |
---------------+-------------------------------+-----
Ice Magic      | 4 5 6 7 8 9 |  9.1
Fighting       | 2 3 |  3.3
Dodging        | 5 |  5.0
Polearms       | 4 10 14 | 14.7
Charms         | 5 |  5.0
Conjurations   | 3 |  3.4
Stealth        | |  2.1
Spellcasting   | |  2.0

Action                   |  1- 3 |  4- 6 |  7- 9 | 10-12 || total
-------------------------+-------+-------+-------+-------++-------
Melee: Whip              |    28 |    49 |    10 |       ||    87
       Short sword       |       |       |   128 |       ||   128
       Trident           |       |       |   177 |    93 ||   270
Throw: Stone             |    14 |     6 |     2 |       ||    22
       Tomahawk          |     4 |     7 |     7 |       ||    18
 Cast: Freeze            |    33 |    82 |   154 |    48 ||   317
       Ozocubu's Armour  |     2 |    10 |    25 |    10 ||    47
       Throw Frost       |       |       |       |     5 ||     5
       Regeneration      |       |       |       |     1 ||     1
  Use: Potion            |       |     2 |     2 |     5 ||     9
       Scroll            |       |     6 |     8 |     2 ||    16
 Stab: Sleeping          |     1 |     2 |     1 |       ||     4
  Eat: Chunk             |     2 |    11 |    12 |     8 ||    33
       Ration            |       |       |     3 |       ||     3
Armor: Robe              |     8 |    19 |    83 |    19 ||   129
       Skin              |       |    16 |     1 |       ||    17
Dodge: Dodged            |    32 |    64 |   250 |    94 ||   440

Table legend:
 A = Spawn XP
 B = Non-spawn XP
 C = Spawn XP percentage of total XP
 D = Spawn monster count
 E = Non-spawn monster count
 F = Spawn count percentage of total count
 G = Total turns spent on level
                    A         B        C        D         E        F      G
               +---------+---------+-------+---------+---------+-------+---------
         Total |       0 |    7820 |   0.0 |       0 |     182 |   0.0 | 11415
               +---------+---------+-------+---------+---------+-------+---------
           D:1 |       0 |      42 |   0.0 |       0 |      22 |   0.0 |  1033
           D:2 |       0 |     141 |   0.0 |       0 |      23 |   0.0 |  1220
           D:3 |       0 |     269 |   0.0 |       0 |      30 |   0.0 |  1724
           D:4 |       0 |     555 |   0.0 |       0 |      17 |   0.0 |  1167
           D:5 |       0 |    1259 |   0.0 |       0 |      27 |   0.0 |  1605
           D:6 |       0 |     682 |   0.0 |       0 |      25 |   0.0 |  1596
           D:7 |       0 |     671 |   0.0 |       0 |      15 |   0.0 |   890
           D:8 |       0 |    3527 |   0.0 |       0 |      16 |   0.0 |  1897
           D:9 |       0 |     674 |   0.0 |       0 |       7 |   0.0 |   229
               +---------+---------+-------+---------+---------+-------+---------
